 Dungeon Crawl Stone Soup version 0.29-a0-319-gad05b8d819 (webtiles) character file.

Game seed: 3225809664622908319

12 kae the Firebug (level 2, -1/16 HPs)
             Began as a Tengu Fire Elementalist on Apr 1, 2022.
             Slain by a jackal (2 damage)
             ... on level 1 of the Dungeon.
             The game lasted 00:00:19 (535 turns).

kae the Firebug (Tengu Fire Elementalist)            Turns: 535, Time: 00:00:20

Health: -1/16      AC:  2    Str:  8    XL:     2   Next: 33%
Magic:  1/6        EV: 12    Int: 15    God:
Gold:   0          SH:  0    Dex: 14    Spells: 4/5 levels left

rFire   . . .      SeeInvis .   (no weapon)
rCold   . . .      Faith    .   (no shield)
rNeg    . . .      Spirit   .   a - +0 robe
rPois   .          Reflect  .   (helmet restricted)
rElec   .          Harm     .   (no cloak)
rCorr   .          Rampage  .   (no gloves)
Will    .....                   (boots unavailable)
Stlth   ++........              (no amulet)
HPRegen 0.05/turn               (no ring)
MPRegen 0.10/turn               (no ring)

@: flying
A: beak, talons 3
a: no special abilities


You were on level 1 of the Dungeon.
You visited 1 branch of the dungeon, and saw 1 of its levels.

Inventory:

Armour
 a - a +0 robe (worn)
Scrolls
 b - a scroll of enchant armour {unknown}


   Skills:
 + Level 0.6 Fighting
 + Level 0.4 Armour
 + Level 2.3 Dodging
 - Level 2.0 Stealth
 + Level 2.1 Spellcasting
 + Level 1.6 Conjurations
 * Level 3.5 Fire Magic


You had 4 spell levels left.
You knew the following spells:

 Your Spells              Type           Power      Damage    Failure   Level
a - Foxfire               Conj/Fire      36%        2x1d5     8%          1

Your spell library contained the following spells:

 Spells                   Type           Power      Damage    Failure   Level
 Scorch                   Fire           24%        2d6       8%          2
 Conjure Flame            Conj/Fire      9%         6-21      22%         3
 Inner Flame              Hex/Fire       6%         N/A       32%         3
 Flame Wave               Conj/Fire      9%         2d5       58%         4


Dungeon Overview and Level Annotations

Branches:
Dungeon (1/15)

Altars:


Innate Abilities, Weirdness & Mutations

You have a beak for a mouth.
You have claws for feet.


Message History

The jackal barely misses you.
There are monsters nearby!
Casting: Foxfire (safe; 8% risk of failure)
Confirm with . or Enter, or press ? or * to list all spells.
You conjure some foxfire!
The jackal bites you. The jackal barely misses you.
The jackal bites you but does no damage.
The jackal closely misses you.
The jackal bites you but does no damage.
The jackal barely misses you.
You are too injured to fight recklessly!
You are too injured to fight recklessly!
Casting: Foxfire (safe; 8% risk of failure)
Confirm with . or Enter, or press ? or * to list all spells.
You don't have enough magic to cast this spell.
Casting: Foxfire (safe; 8% risk of failure)
Confirm with . or Enter, or press ? or * to list all spells.
You don't have enough magic to cast this spell.
Your foxfire dissipates!
The jackal attacks as you move away! The jackal bites you.
The foxfire hits the jackal.
The jackal is heavily wounded.
The jackal closely misses you.
You are too injured to fight recklessly!
You are too injured to fight recklessly!
You hit the jackal but do no damage.
The jackal is heavily wounded.
The jackal bites you but does no damage.
The jackal bites you. x2
* * * LOW HITPOINT WARNING * * *
The jackal barely misses you.
It was a potion of flight.
You feel very buoyant.
You fly up into the air.
The jackal completely misses you. The jackal bites you.
* * * LOW HITPOINT WARNING * * *
The jackal closely misses you.
You closely miss the jackal. You claw the jackal, but do no damage.
The jackal is heavily wounded.
The jackal bites you.
You die...

#######.........#
................#
####†........†..#
......#.........# ###
...######.........####..
#......................
#######..........####..
# ##...........# #..
..### #.@###.####### #..
#....####h## #..# #..
##....h.# ##..# ######..
#....h### #.# #.......
#...###.# .# #.......
............... #.......
.........#####. #.......
.........#
#####.##.......
..........
#...#..........


You could see 3 jackals.

Vanquished Creatures
  A giant cockroach (D:1)
  2 hobgoblins (D:1)
  4 jackals (D:1)
  A quokka (D:1)
  A bat (D:1)
  A rat (D:1)
10 creatures vanquished.

Vanquished Creatures (others)
  47 foxfires (D:1)
47 creatures vanquished.

Grand Total: 57 creatures vanquished

Notes
Turn   | Place    | Note
-------+----------+-------------------------------------------
     0 | D:1      | kae the Tengu Fire Elementalist began the quest for the
                  | Orb.
     0 | D:1      | Reached XP level 1. HP: 10/10 MP: 4/4
   135 | D:1      | Reached XP level 2. HP: 6/16 MP: 3/6
   535 | D:1      | Slain by a jackal

Illustrated notes

Levels and vault maps discovered:
D:1:      amcnicky_arrival_blooded_trapdoor, layout_rooms

Action                   || total
-------------------------++-------
Melee: Unarmed           ||     9
       Kick              ||     2
 Cast: Foxfire           ||    28
  Use: Potion            ||     2
Armor: Robe              ||     9
Dodge: Dodged            ||    26

Table legend: (Time is in decaauts)
 A = Elapsed time spent in this place.
 B = Non-inter-level travel time spent in this place.
 C = Inter-level travel time spent in this place.
 D = Time resting spent in this place.
 E = Time spent auto-exploring this place.
 F = Levels seen in this place.
 G = Mean time per level.
                   A        B        C        D        E       F      G
               +--------+--------+--------+--------+--------+-----+--------+
         Total |    535 |    535 |      0 |      0 |    449 |   1 |  535.0 |
       Dungeon |    535 |    535 |      0 |      0 |    449 |   1 |  535.0 |
               +--------+--------+--------+--------+--------+-----+--------+

Top non-repeatable levels by time:
     D:1: 535 daAuts
